 Dungeon Crawl Stone Soup version 0.31.0-12-g77e489cdc1 (webtiles) character file.

Game seed: 6963482523296863382

29 sking99 the Slasher (level 3, -2/31 HPs)
             Began as a Gnoll Reaver on Feb 26, 2024.
             Killed by nerve-wracking pain
             ... invoked by Jessica
              (12 damage)
             ... on level 2 of the Dungeon.
             The game lasted 00:01:52 (773 turns).

sking99 the Slasher (Gnoll Reaver)                   Turns: 773, Time: 00:01:53

Health: -2/31      AC:  3    Str: 13    XL:     3   Next: 16%
Magic:  9/9        EV: 12    Int: 12    God:
Gold:   55         SH:  0    Dex: 10    Spells: 9/12 levels left

rFire   . . .        a - +0 falchion
rCold   . . .        (no shield)
rNeg    . . .        b - +0 leather armour
rPois   .            (no helmet)
rElec   .            (no cloak)
rCorr   .            (no gloves)
SInv    .            (no boots)
Will    .....        (no amulet)
Stlth   +            (no ring)
HPRegen 0.25/turn    (no ring)
MPRegen 0.11/turn

%: no passive effects
@: no status effects
A: fangs 1, strong nose, distributed training
a: no special abilities


You were on level 2 of the Dungeon.
You visited 1 branch of the dungeon, and saw 2 of its levels.

You collected 55 gold pieces.

Inventory:

Hand Weapons
 a - a +0 falchion (weapon)
Armour
 b - a +0 leather armour (worn)
Scrolls
 c - a scroll of teleportation {unknown}
 d - a scroll of identify {unknown}
Potions
 e - a potion of heal wounds {unknown}


   Skills:
 + Level 4.5 Fighting
 + Level 0.7 Short Blades
 + Level 6.5 Long Blades
 + Level 0.7 Axes
 + Level 0.7 Maces & Flails
 + Level 0.7 Polearms
 + Level 0.7 Staves
 + Level 0.7 Ranged Weapons
 + Level 0.7 Throwing
 + Level 0.7 Armour
 + Level 4.5 Dodging
 + Level 0.7 Stealth
 + Level 0.7 Shields
 + Level 0.7 Unarmed Combat
 + Level 5.0 Spellcasting
 + Level 5.4 Conjurations
 + Level 0.5 Hexes
 + Level 0.5 Summonings
 + Level 0.5 Necromancy
 + Level 0.5 Translocations
 + Level 0.5 Fire Magic
 + Level 0.5 Ice Magic
 + Level 0.5 Air Magic
 + Level 0.5 Earth Magic
 + Level 0.5 Alchemy
 + Level 0.9 Invocations
 + Level 0.7 Evocations
 + Level 0.6 Shapeshifting


You had 9 spell levels left.
You knew the following spells:

 Your Spells              Type           Power      Damage    Failure   Level
a - Kiss of Death         Conj/Necr      40%        2d8       8%          1
b - Momentum Strike       Conj/Tloc      20%        3d8       12%         2

Your spell library contained the following spells:

 Spells                   Type           Power      Damage    Failure   Level
 Magic Dart               Conj           64%        1d6       2%          1
 Searing Ray              Conj           32%        2d5       4%          2
 Hailstorm                Conj/Ice       10%        3d6       22%         3
 Fugue of the Fallen      Necr           4%         N/A       52%         3
 Ozocubu's Armour         Ice            4%         N/A       52%         3
 Fulminant Prism          Conj/Alch      5%         3d7       58%         4
 Manifold Assault         Tloc           4%         N/A       90%         4


Dungeon Overview and Level Annotations

Branches:
Dungeon (2/15)

Altars:

Annotations:
D:2 Jessica


Innate Abilities, Weirdness & Mutations

You have very sharp teeth.
Your uncanny sense of smell can sniff out nearby items.
Your experience applies equally to all skills.


Message History

HP restored.
Jessica and a bat come into view.
Found a stone staircase leading up.
Jessica gestures wildly while chanting.
Jessica blinks!
There are monsters nearby!
Found 6 stones.
Jessica shouts, "You're disturbing me!
I'll have to kill you!" The bat misses you. The bat completely misses you.
You hit the bat.
The bat is severely wounded.
The bat hits you.
Jessica gestures wildly while chanting.
Jessica seems to speed up.
The bat hits you but does no damage.
You hit the bat.
You kill the bat!
Jessica hits you with a +4 club. x2
You closely miss Jessica. Jessica hits you with a +4 club!
You hit Jessica but do no damage. Jessica misses you.
Jessica hits you with a +4 club.
You hit Jessica.
Jessica is moderately wounded.
Jessica closely misses you.
You hit Jessica. You bite Jessica, but do no damage.
Jessica is almost dead.
Jessica barely misses you.
You closely miss Jessica.
Jessica is almost dead.
Jessica barely misses you. Jessica hits you with a +4 club.
You barely miss Jessica.
Jessica is severely wounded.
Jessica closely misses you.
You hit Jessica.
Jessica is almost dead.
Jessica casts a spell.
Jessica blinks!
Jessica casts a spell at you. Pain shoots through your body!
You die...

.(..... #...#..
.......#.......
...............
#..........@...
##..............
................
#.<....§....#
##......@†..#
............# .
######.#####
....####.########
#...).........#
######.######.#
####.### ##.#
#......# #..#
#......# #>##


You could see Jessica (fast).

Vanquished Creatures
  2 dart slugs
  3 ball pythons (D:1)
  2 bats
  4 endoplasms (D:1)
  A hobgoblin (D:1)
  6 kobolds
  4 goblins (D:1)
  A rat (D:1)
23 creatures vanquished.

Notes
Turn   | Place    | Note
-------+----------+-------------------------------------------
     0 | D:1      | sking99 the Gnoll Reaver began the quest for the Orb.
     0 | D:1      | Reached XP level 1. HP: 20/20 MP: 6/6
    27 | D:1      | Reached XP level 2. HP: 26/26 MP: 7/7
   177 | D:1      | Learned a level 2 spell: Momentum Strike
   438 | D:1      | Reached skill level 5 in Spellcasting
   438 | D:1      | Reached XP level 3. HP: 26/31 MP: 7/9
   760 | D:2      | Noticed Jessica
   773 | D:2      | Killed from afar by Jessica

Illustrated notes

Levels and vault maps discovered:
D:1:      onia_arrival_handbag, layout_loops_cross, minivault_11
D:2:      minmay_general_purpose_star, layout_rooms, basic_altar,
          hellmonk_ecumenical_altar_heavens_door, uniq_jessica

Skill      XL: |  1  2 |
---------------+-------+-----
Spellcasting   | 5 |  5.0
Fighting       | |  4.5
Short Blades   | |  0.7
Long Blades    | |  6.5
Axes           | |  0.7
Maces & Flails | |  0.7
Polearms       | |  0.7
Staves         | |  0.7
Ranged Weapons | |  0.7
Throwing       | |  0.7
Armour         | |  0.7
Dodging        | |  4.5
Stealth        | |  0.7
Shields        | |  0.7
Unarmed Combat | |  0.7
Conjurations   | |  5.4
Hexes          | |  0.5
Summonings     | |  0.5
Necromancy     | |  0.5
Translocations | |  0.5
Fire Magic     | |  0.5
Ice Magic      | |  0.5
Air Magic      | |  0.5
Earth Magic    | |  0.5
Alchemy        | |  0.5
Invocations    | |  0.9
Evocations     | |  0.7
Shapeshifting  | |  0.6

Action                     || total
---------------------------++-------
  Melee: Falchion          ||    55
         Bite              ||     8
 Armour: Leather armour    ||    21
  Dodge: Dodged            ||    25
